 Dungeon Crawl Stone Soup version 0.32-a0-12-g7fc57aa741 (webtiles) character file.

Game seed: 12747421859667029174

280 hikkokomori the Shield-Bearer (level 6, -5/53 HPs)
             Began as a Gnoll Wanderer on Jan 15, 2024.
             Killed by nerve-wracking pain
             ... invoked by Grinder
              (14 damage)
             ... on level 3 of the Dungeon.
             The game lasted 00:05:05 (1855 turns).

hikkokomori the Shield-Bearer (Gnoll Wanderer)      Turns: 1855, Time: 00:05:05

Health: -5/53      AC: 11    Str: 11    XL:     6   Next: 27%
Magic:  11/11      EV: 12    Int:  9    God:
Gold:   114        SH:  8    Dex: 16    Spells: 10/11 levels left

rFire   . . .        f - +0 mace (protect)
rCold   . . .        e - +2 buckler
rNeg    . . .        d - +0 robe
rPois   .            (no helmet)
rElec   .            i - +0 cloak
rCorr   .            q - +0 pair of gloves
SInv    +            (no boots)
Will    +....        (no amulet)
Stlth   ++           m - ring of see invisible
HPRegen 0.28/turn    p - ring of willpower
MPRegen 0.12/turn

%: no passive effects
@: under a protective aura
A: fangs 1, strong nose, distributed training
a: no special abilities


You were on level 3 of the Dungeon.
You visited 1 branch of the dungeon, and saw 3 of its levels.

You collected 114 gold pieces.

Inventory:

Hand Weapons
 a - a +0 dagger
 f - a +0 mace of protection (weapon)
 r - a +2 scythe of flaming
Missiles
 l - 5 poisoned darts
Armour
 d - a +0 robe (worn)
 e - a +2 buckler (worn)
 i - a +0 cloak (worn)
 q - a +0 pair of gloves (worn)
Jewellery
 m - a ring of see invisible (left hand)
 p - a ring of willpower (right hand)
Talismans
 h - a beast talisman
Scrolls
 g - a scroll of immolation {unknown}
 j - a scroll of enchant armour {unknown}
 k - a scroll of butterflies {unknown}
 o - 2 scrolls of identify {unknown}
 u - a scroll of teleportation {unknown}
Potions
 b - a potion of mutation
 n - a potion of curing {unknown}
 s - a potion of degeneration {unknown}
 t - a potion of haste {unknown}
 v - a potion of enlightenment {unknown}


   Skills:
 + Level 6.8 Fighting
 + Level 2.0 Short Blades
 + Level 2.0 Long Blades
 + Level 2.0 Axes
 + Level 2.0 Maces & Flails
 + Level 2.0 Polearms
 + Level 2.0 Staves
 + Level 2.0 Ranged Weapons
 + Level 2.0 Throwing
 + Level 3.2 Armour
 + Level 2.0 Dodging
 + Level 2.0 Stealth
 + Level 6.8 Shields
 + Level 2.0 Unarmed Combat
 + Level 3.4 Spellcasting
 + Level 1.5 Conjurations
 + Level 2.6 Hexes
 + Level 1.5 Summonings
 + Level 1.5 Necromancy
 + Level 1.5 Translocations
 + Level 1.5 Fire Magic
 + Level 1.5 Ice Magic
 + Level 1.5 Air Magic
 + Level 1.5 Earth Magic
 + Level 1.5 Alchemy
 + Level 3.4 Invocations
 + Level 2.0 Evocations
 + Level 1.7 Shapeshifting


You had 10 spell levels left.
You knew the following spells:

 Your Spells              Type           Power      Damage    Failure   Level
a - Slow                  Hex            24%        N/A       13%         1

Your spell library contained the following spells:

 Spells                   Type           Power      Damage    Failure   Level
 Sigil of Binding         Hex            6%         N/A       36%         3
 Fugue of the Fallen      Necr           4%         N/A       52%         3
 Ozocubu's Armour         Ice            4%         N/A       52%         3
 Manifold Assault         Tloc           4%         N/A       90%         4


Dungeon Overview and Level Annotations

Branches:
Dungeon (3/15)

Altars:

Annotations:
D:3 Grinder


Innate Abilities, Weirdness & Mutations

You have very sharp teeth.
Your uncanny sense of smell can sniff out nearby items.
Your experience applies equally to all skills.


Message History

Your hearing returns.
Grinder hits you but does no damage.
You closely miss Grinder.
Grinder is severely wounded.
Grinder barely misses you.
Casting: Slow (safe; 13% risk of failure)
Confirm with . or Enter, or press ? or * to list all spells.
Aiming: Slow (safe; 13% risk of failure)
Press: ? - help, Shift-Dir - straight line, f - Grinder
Aim: Grinder (severely wounded, chance to affect: 39%)
Okay, then.
You barely miss Grinder.
Grinder is severely wounded.
Grinder barely misses you. Grinder closely misses you.
Unknown command.
You closely miss Grinder. Your bite misses Grinder.
Grinder is severely wounded.
Grinder gestures at you. Pain shoots through your body!
* * * LOW HITPOINT WARNING * * *
Unknown command.
Unknown command.
Unknown command.
Okay, then.
You hit Grinder but do no damage.
Your weapon exudes an aura of protection.
You bite Grinder, but do no damage.
Grinder is severely wounded.
Grinder gestures at you. You resist with some effort.
You hit Grinder but do no damage. Your bite misses Grinder.
Grinder is severely wounded.
You block Grinder's attack. Grinder hits you but does no damage.
Unknown command.
You hit Grinder.
Grinder is almost dead.
Grinder gestures at you. Pain shoots through your body!
You die...
Grinder sighs, "Dead already?
I want a refund."

#.......##.#..
######..##.#..
#...........
###.##..##.##.
##########...###..#.##.
.........#.### ..... ##
#........# .##..###
#...5.$### . #.....
#..)@..####. #.....
#..†......... .....>
#......####.# #.....
#......# #.....
#......# ∆ #.....
#......# #.....
######## ######


You could see Grinder.

Vanquished Creatures
  Sigmund (D:3)
  An iguana (D:2)
  A gnoll (D:1)
  3 adders (D:2)
  3 dart slugs
  2 ribbon worms (D:3)
  5 bats
  6 endoplasms
  6 goblins
  4 hobgoblins
  A kobold (D:1)
  6 quokkas
  11 ball pythons
  5 frilled lizards
  2 rats (D:1)
57 creatures vanquished.

Notes
Turn   | Place    | Note
-------+----------+-------------------------------------------
     0 | D:1      | hikkokomori the Gnoll Wanderer began the quest for the Orb.
     0 | D:1      | hikkokomori set off with the following items: a +0 dagger,
                  | a potion of mutation, a scroll of silence, a +0 robe, a +2
                  | buckler; and the following spell memorised: Slow; and the
                  | following spells available to memorise: Sigil of Binding.
     0 | D:1      | Reached XP level 1. HP: 23/23 MP: 4/4
    48 | D:1      | Reached XP level 2. HP: 14/29 MP: 5/5
   367 | D:1      | Reached XP level 3. HP: 30/35 MP: 7/7
   627 | D:1      | Found a faded altar of an unknown god.
   706 | D:1      | Reached skill level 1 in Short Blades
   706 | D:1      | Reached skill level 1 in Long Blades
   706 | D:1      | Reached skill level 1 in Axes
   706 | D:1      | Reached skill level 1 in Maces & Flails
   706 | D:1      | Reached skill level 1 in Polearms
   706 | D:1      | Reached skill level 1 in Staves
   706 | D:1      | Reached skill level 1 in Ranged Weapons
   706 | D:1      | Reached skill level 1 in Throwing
   706 | D:1      | Reached skill level 1 in Dodging
   706 | D:1      | Reached skill level 1 in Stealth
   706 | D:1      | Reached skill level 1 in Unarmed Combat
   706 | D:1      | Reached skill level 1 in Evocations
  1082 | D:2      | Reached skill level 1 in Shapeshifting
  1082 | D:2      | Reached XP level 4. HP: 41/41 MP: 8/8
  1200 | D:2      | Reached skill level 1 in Conjurations
  1200 | D:2      | Reached skill level 1 in Summonings
  1200 | D:2      | Reached skill level 1 in Necromancy
  1200 | D:2      | Reached skill level 1 in Translocations
  1200 | D:2      | Reached skill level 1 in Fire Magic
  1200 | D:2      | Reached skill level 1 in Ice Magic
  1200 | D:2      | Reached skill level 1 in Air Magic
  1200 | D:2      | Reached skill level 1 in Earth Magic
  1200 | D:2      | Reached skill level 1 in Alchemy
  1388 | D:2      | Reached XP level 5. HP: 31/47 MP: 9/9
  1627 | D:3      | Noticed Sigmund
  1647 | D:3      | Killed Sigmund
  1648 | D:3      | Reached XP level 6. HP: 40/53 MP: 9/11
  1812 | D:3      | Noticed Grinder
  1826 | D:3      | Paralysed by Grinder for 4 turns
  1855 | D:3      | Killed from afar by Grinder

Illustrated notes

Levels and vault maps discovered:
D:1:      dpeg_arrival_connections, layout_basic, ebering_ecumenical_altar_webs
D:2:      layout_rooms
D:3:      minmay_chambers_of_threes, layout_rooms,
          mainiacjoe_overflow_small_starburst,
          mainiacjoe_overflow_surrounded_room, minmay_lizard_king, uniq_terence,
          uniq_grinder, uniq_sigmund

Skill      XL: |  1  2  3  4  5  6 |
---------------+-------------------+-----
Hexes          | 2 |  2.6
Short Blades   | 1 2 |  2.0
Long Blades    | 1 2 |  2.0
Axes           | 1 2 |  2.0
Maces & Flails | 1 2 |  2.0
Polearms       | 1 2 |  2.0
Staves         | 1 2 |  2.0
Ranged Weapons | 1 2 |  2.0
Throwing       | 1 2 |  2.0
Dodging        | 1 2 |  2.0
Stealth        | 1 2 |  2.0
Unarmed Combat | 1 2 |  2.0
Evocations     | 1 2 |  2.0
Shapeshifting  | 1 |  1.7
Spellcasting   | 3 |  3.4
Conjurations   | 1 |  1.5
Summonings     | 1 |  1.5
Necromancy     | 1 |  1.5
Translocations | 1 |  1.5
Fire Magic     | 1 |  1.5
Ice Magic      | 1 |  1.5
Air Magic      | 1 |  1.5
Earth Magic    | 1 |  1.5
Alchemy        | 1 |  1.5
Invocations    | 3 |  3.4
Armour         | 3 |  3.2
Fighting       | |  6.8
Shields        | |  6.8

Action                     |  1- 3 |  4- 6 || total
---------------------------+-------+-------++-------
  Melee: Mace              |   122 |   114 ||   236
         Bite              |    15 |    16 ||    31
    Use: Scroll            |       |     1 ||     1
   Stab: Sleeping          |     4 |     4 ||     8
 Armour: Robe              |    75 |    62 ||   137
  Dodge: Dodged            |    70 |    60 ||   130
  Block: Buckler           |    71 |    51 ||   122

Table legend: (Time is in decaauts)
 A = Elapsed time spent in this place.
 B = Non-inter-level travel time spent in this place.
 C = Inter-level travel time spent in this place.
 D = Time resting spent in this place.
 E = Time spent auto-exploring this place.
 F = Levels seen in this place.
 G = Mean time per level.
                   A        B        C        D        E       F      G
               +--------+--------+--------+--------+--------+-----+--------+
         Total |   1945 |   1898 |     47 |      2 |   1285 |   3 |  648.3 |
       Dungeon |   1945 |   1898 |     47 |      2 |   1285 |   3 |  648.3 |
               +--------+--------+--------+--------+--------+-----+--------+

Top non-repeatable levels by time:
     D:1: 1067 daAuts
     D:2: 621 daAuts
     D:3: 255 daAuts
